 Dungeon Crawl Stone Soup version 0.21.0-26-g889b8f6 (webtiles) character file.

32 tidbits the Charmwright (level 3, -4/46 HPs)
             Began as a Gnoll Skald on Jan 28, 2018.
             Slain by loralnil's ghost (12 damage)
             ... on level 4 of the Dungeon.
             The game lasted 00:04:12 (577 turns).

tidbits the Charmwright (Gnoll Skald)                Turns: 577, Time: 00:04:13

Health: -4/46      AC:  3    Str: 18    XL:     3   Next: 25%
Magic:  9/9        EV: 14    Int: 16    God:
Gold:   43         SH:  0    Dex: 14    Spells: 1/12 levels left

rFire    . . .     SeeInvis .   n - +1 dagger (venom)
rCold    . . .     Gourm    .   (no shield)
rNeg     . . .     Faith    .   b - +0 leather armour
rPois    .         Spirit   .   (no helmet)
rElec    .         Reflect  .   (no cloak)
rCorr    +         Harm     .   (no gloves)
MR       .....                  (no boots)
Stlth    ..........             h - amulet of rage
HPRegen  0.15/turn              t - ring of resist corrosion
MPRegen  0.11/turn              w - ring of stealth

@: berserking (expiring), hasted, very quick
A: distributed training, fangs 1, strong nose
a: Evoke Berserk Rage


You were on level 4 of the Dungeon.
You were very full.

You visited 1 branch of the dungeon, and saw 4 of its levels.

You collected 43 gold pieces.

Inventory:

Hand Weapons
 a - a +0 hand axe
 f - a +0 dagger
 n - a +1 dagger of venom (weapon)
   (You took it off a kobold on level 2 of the Dungeon)
Missiles
 j - 17 bolts
 m - 27 stones (quivered)
Armour
 b - a +0 leather armour (worn)
Jewellery
 h - an amulet of rage (around neck)
   (You found it on level 1 of the Dungeon)
 t - a ring of resist corrosion (left hand)
   (You found it on level 1 of the Dungeon)
 u - an uncursed ring of positive energy
   (You found it on level 2 of the Dungeon)
 w - a ring of stealth (right hand)
   (You found it on level 2 of the Dungeon)
Scrolls
 e - 2 scrolls of identify {unknown}
 g - 3 scrolls of immolation {unknown}
 l - a scroll of enchant weapon {unknown}
 o - a scroll of fog {unknown}
 p - a scroll of remove curse {unknown}
 v - a scroll of blinking {unknown}
Potions
 i - a potion of curing
 r - a potion of invisibility {unknown}
 s - a potion of mutation {unknown}
Books
 c - a book of Battle

   Spells                             Type                      Level
   a - Infusion                       Charms                       1
   b - Shroud of Golubria             Charms/Translocation         2
   c - Song of Slaying                Charms                       2
   d - Spectral Weapon                Hexes/Charms                 3
   e - Regeneration                   Charms/Necromancy            3
Comestibles
 d - 3 rations


   Skills:
 + Level 4.5 Fighting
 + Level 0.6 Short Blades
 + Level 0.6 Long Blades
 + Level 4.5 Axes
 + Level 0.6 Maces & Flails
 + Level 0.6 Polearms
 + Level 0.6 Staves
 + Level 0.6 Slings
 + Level 0.6 Bows
 + Level 0.6 Crossbows
 + Level 0.6 Throwing
 + Level 2.5 Armour
 + Level 4.5 Dodging
 + Level 0.6 Stealth
 + Level 0.6 Shields
 + Level 0.6 Unarmed Combat
 + Level 5.0 Spellcasting
 + Level 0.4 Conjurations
 + Level 0.4 Hexes
 + Level 5.4 Charms
 + Level 0.4 Summonings
 + Level 0.4 Necromancy
 + Level 0.4 Translocations
 + Level 0.4 Transmutations
 + Level 0.4 Fire Magic
 + Level 0.4 Ice Magic
 + Level 0.4 Air Magic
 + Level 0.4 Earth Magic
 + Level 0.4 Poison Magic
 + Level 0.8 Invocations
 + Level 0.6 Evocations


You had one spell level left.
You knew the following spells:

 Your Spells              Type           Power        Failure   Level  Hunger
g - Shroud of Golubria    Chrm/Tloc      ##........   9%          2    #......
i - Infusion              Chrm           ###.         1%          1    None
r - Regeneration          Chrm/Necr      ##........   16%         3    ###....
w - Spectral Weapon       Hex/Chrm       ##......     16%         3    ###....
y - Song of Slaying       Chrm           ###.....     3%          2    #......


Dungeon Overview and Level Annotations

Branches:
Dungeon (4/15)
 Temple: D:4-7

Altars:

Shops:
D:4 !

Annotations:
D:4 loralnil's ghost, novice GrFi


Innate Abilities, Weirdness & Mutations

Your experience applies equally to all skills.
You have very sharp teeth.
Your uncanny sense of smell can sniff out nearby items.


Message History

You kill the kobold!
Things that are here:
a club; a hobgoblin corpse You see here a ration.
d - 3 rations (gained 1)
Found a scroll labeled GURAZOTREE.
You see here a scroll labeled GURAZOTREE.
v - a scroll labeled GURAZOTREE
Found a knobbly sapphire ring.
You see here a knobbly sapphire ring.
w - a knobbly sapphire ring Put on which piece of jewellery? (? for menu, Esc to quit)
You're wearing all the rings you can.
Remove which one? (? for menu, Esc to cancel) < or
t - a ring of resist corrosion; > or
u - a ring of positive energy You remove your ring of positive energy.
w - a ring of stealth (right hand)
Found 7 gold pieces.
There is a stone staircase leading down here.
You climb downwards.
There is a stone staircase leading up here.
Unknown command.
Found a stone staircase leading down.
There is a stone staircase leading down here.
Magic restored.
You climb downwards.
You hear the hiss of flowing sand.
There is an entrance to an ossuary on this level.
Hurry and find it before the portal is buried!
Found a whip.
There is a stone staircase leading up here.
A worm comes into view.
Found a morningstar.
You see here a morningstar.
You open the door.
Loralnil's ghost (novice Gargoyle Fighter) comes into view.
Loralnil's ghost turns its malevolent gaze towards you.
Found Econa's Distillery.
Okay, then.
Okay, then.
It was a potion of curing.
You feel better.
It was a potion of haste.
You feel yourself speed up.
It was a potion of berserk rage.
A red film seems to cover your vision as you go berserk!
You feel yourself moving faster!
You feel mighty!
Loralnil's ghost whispers, "Death doesn't hurt.
What you feel is life."
You feel a strong urge to attack something.
There is an open door here.
You hit loralnil's ghost.
Loralnil's ghost is lightly damaged.
You hit loralnil's ghost but do no damage.
Loralnil's ghost is lightly damaged.
Loralnil's ghost hits you!
You hit loralnil's ghost but do no damage.
You bite loralnil's ghost, but do no damage.
Loralnil's ghost is lightly damaged.
Loralnil's ghost laughs crazily.
Loralnil's ghost hits you.
You hit loralnil's ghost but do no damage.
You bite loralnil's ghost, but do no damage.
Loralnil's ghost is lightly damaged.
You hit loralnil's ghost but do no damage.
Loralnil's ghost is lightly damaged.
Loralnil's ghost completely misses you.
You hit loralnil's ghost.
Loralnil's ghost is lightly damaged.
You barely miss loralnil's ghost.
Loralnil's ghost is lightly damaged.
Loralnil's ghost barely misses you.
You hit loralnil's ghost but do no damage.
You bite loralnil's ghost, but do no damage.
Loralnil's ghost is lightly damaged.
Loralnil's ghost barely misses you.
You barely miss loralnil's ghost.
Loralnil's ghost is lightly damaged.
You hit loralnil's ghost but do no damage.
Loralnil's ghost is lightly damaged.
Loralnil's ghost hits you.
You barely miss loralnil's ghost.
Loralnil's ghost is lightly damaged.
Loralnil's ghost hits you.
You hit loralnil's ghost.
Loralnil's ghost is moderately damaged.
You hit loralnil's ghost.
Loralnil's ghost is moderately damaged.
Loralnil's ghost hits you!
* * * LOW HITPOINT WARNING * * *
You hit loralnil's ghost. You bite loralnil's ghost.
Loralnil's ghost is heavily damaged.
Loralnil's ghost barely misses you.
You hit loralnil's ghost but do no damage.
Loralnil's ghost is heavily damaged.
You hit loralnil's ghost.
You punch loralnil's ghost, but do no damage.
Loralnil's ghost is heavily damaged.
Loralnil's ghost hits you!
* * * LOW HITPOINT WARNING * * *
You hit loralnil's ghost.
Loralnil's ghost is severely damaged.
Loralnil's ghost hits you!
You die...

.# .⌠.⌠# ..
..∩.###### .##
#⌠.⌠.....# ..#
#........# #.#
#........# #.#
#........#
#.###..W.....#
########..###@######
.....................
........#..##.#######
....###.##.##.# ...
#.##.##.# #.##..#.#
#.###.#.# #.# .#.#
#.# .#.#


You could see loralnil's ghost.

Vanquished Creatures
  An ooze (D:1)
  A worm (D:2)
  A leopard gecko (D:2)
  A ball python (D:1)
  3 goblins
  4 hobgoblins
  5 kobolds
  3 bats (D:1)
  4 rats
23 creatures vanquished.

Notes
Turn   | Place    | Note
-------+----------+-------------------------------------------
     0 | D:1      | tidbits the Gnoll Skald began the quest for the Orb.
     0 | D:1      | Reached XP level 1. HP: 20/20 MP: 6/6
   192 | D:1      | Reached XP level 2. HP: 26/26 MP: 5/7
   271 | D:2      | HP: 1/26 [worm (9)]
   396 | D:1      | Reached XP level 3. HP: 13/31 MP: 9/9
   405 | D:1      | Learned a level 2 spell: Song of Slaying
   408 | D:1      | Learned a level 2 spell: Shroud of Golubria
   412 | D:1      | Learned a level 3 spell: Regeneration
   416 | D:1      | Learned a level 3 spell: Spectral Weapon
   428 | D:1      | Reached skill level 5 in Spellcasting
   556 | D:4      | Found Econa's Distillery.
   556 | D:4      | Noticed loralnil's ghost (novice GrFi)
   577 | D:4      | Slain by loralnil's ghost

Skill      XL: |  1  2  3 |
---------------+----------+-----
Spellcasting   | 5 |  5.0
Fighting       | |  4.5
Short Blades   | |  0.6
Long Blades    | |  0.6
Axes           | |  4.5
Maces & Flails | |  0.6
Polearms       | |  0.6
Staves         | |  0.6
Slings         | |  0.6
Bows           | |  0.6
Crossbows      | |  0.6
Throwing       | |  0.6
Armour         | |  2.5
Dodging        | |  4.5
Stealth        | |  0.6
Shields        | |  0.6
Unarmed Combat | |  0.6
Conjurations   | |  0.4
Hexes          | |  0.4
Charms         | |  5.4
Summonings     | |  0.4
Necromancy     | |  0.4
Translocations | |  0.4
Transmutations | |  0.4
Fire Magic     | |  0.4
Ice Magic      | |  0.4
Air Magic      | |  0.4
Earth Magic    | |  0.4
Poison Magic   | |  0.4
Invocations    | |  0.8
Evocations     | |  0.6

Action                   || total
-------------------------++-------
Melee: Hand axe          ||    25
       Dagger            ||    36
       Bite              ||     6
       Punch             ||     1
 Cast: Infusion          ||    10
       Regeneration      ||     1
  Use: Potion            ||     3
 Stab: Sleeping          ||     1
  Eat: Ration            ||     2
Armor: Leather armour    ||     5
Dodge: Dodged            ||    29

Table legend:
 A = Turns spent in this place as a percentage of turns spent in the entire game.
 B = Non-inter-level travel turns spent in this place as a percentage of non-inter-level travel turns spent in the entire game.
 C = Inter-level travel turns spent in this place as a percentage of turns spent in this place.
 D = Turns resting spent in this place as a percentage of non-inter-level travel turns spent in this place.
 E = Turns spent auto-exploring this place as a percentage of non-inter-level travel turns spent in this place.
 F = Non-inter-level travel turns spent in this place divided by the number of levels of this place that you've seen.
                   A       B       C       D       E      F
               +-------+-------+-------+-------+-------+----------------------
         Total | 100.0 | 100.0 |   0.0 |   0.0 |   0.0 | 144.2
       Dungeon | 100.0 | 100.0 |   0.0 |   0.0 |   0.0 | 144.2
               +-------+-------+-------+-------+-------+----------------------

Table legend:
 A = Kills in this place as a percentage of kills in entire the game.
 B = Kills by you in this place as a percentage of kills by you in the entire game.
 C = Kills by friends in this place as a percentage of kills by friends in the entire game.
 D = Other kills in this place as a percentage of other kills in the entire game.
 E = Experience gained in this place as a percentage of experience gained in the entire game.
 F = Experience gained in this place divided by the number of levels of this place that you have seen.
                   A       B       C       D       E      F
               +-------+-------+-------+-------+-------+----------------------
         Total | 100.0 | 100.0 |   N/A |   N/A | 100.0 |  11.5
       Dungeon | 100.0 | 100.0 |   N/A |   N/A | 100.0 |  11.5
               +-------+-------+-------+-------+-------+----------------------

Vault maps used:
D:1:      dpeg_chamrin_arrival_tetris, minmay_pentomino_o2
D:2:      lemuel_crystal_altar, first_ration, small_statue_intersection,
          uniq_crazy_yiuf_cottage
D:3:      nicolae_qazlal_general_emergency, grunt_decor_resistance,
          kennysheep_minor_cross
D:4:      serial_shops, shop_fountains, nicolae_ossuary_entry_monument
